 Dungeon Crawl Stone Soup version 0.18-a0-1123-gbd92598 (webtiles) character file.

548 gorblad the Skirmisher (level 7, 0/55 HPs)
             Began as a Human Fighter on Jan 20, 2016.
             Slain by an orc
             ... wielding a +0 dagger
              (3 damage)
             ... on level 5 of the Dungeon.
             The game lasted 00:09:44 (3986 turns).

gorblad the Skirmisher (Human Fighter)              Turns: 3986, Time: 00:09:44

Health: 0/55       AC:  8    Str: 18    XL:     7   Next: 54%
Magic:  7/7        EV:  7    Int:  9    God:
Gold:   270        SH:  9    Dex: 12    Spells: 0 memorised, 6 levels left

rFire  . . .     SeeInvis .     a - +1 long sword
rCold  . . .     Gourm    .     b - +0 scale mail
rNeg   . . .     Faith    .     c - +0 shield
rPois  .         Spirit   .     (no helmet)
rElec  .         Dismiss  .     h - +0 cloak
rCorr  +         Reflect  .     (no gloves)
SustAt .         Harm     .     (no boots)
MR     .....                    (no amulet)
Stlth  ..........               (no ring)
                                p - ring of resist corrosion

@: not resistant to hostile enchantments, extremely unstealthy
A: no striking features
a: no special abilities


You were on level 5 of the Dungeon.
You were not hungry.

You visited 1 branch of the dungeon, and saw 5 of its levels.

You collected 270 gold pieces.

Inventory:

Hand Weapons
 a - a +1 long sword (weapon)
Armour
 b - a +0 scale mail (worn)
 c - a +0 shield (worn)
 h - a +0 cloak (worn)
Jewellery
 m - a +3 ring of intelligence {unknown}
 p - a ring of resist corrosion (left hand)
Wands
 k - a wand of slowing (10/48)
 t - a wand of lightning (7/15)
Scrolls
 d - a scroll of magic mapping
 j - a scroll of enchant armour
Potions
 e - a potion of brilliance
 g - a potion of cure mutation {unknown}
 n - a potion of ambrosia {unknown}
 q - a potion of poison {unknown}
 u - a potion of mutation {unknown}
Comestibles
 f - 3 bread rations
 l - a meat ration
 o - a royal jelly
 r - a chunk of flesh


   Skills:
 + Level 4.7 Fighting
 + Level 4.5 Long Blades
 + Level 4.6 Armour
 + Level 4.6 Shields


You had 6 spell levels left.
You didn't know any spells.

Dungeon Overview and Level Annotations

Branches:
Dungeon (5/15)
 Temple: D:4-7

Altars:
Sif Muna
The Shining One


Message History

* * * LOW HITPOINT WARNING * * *
You hit the orc priest.
You kill the orc priest!
The orc throws a tomahawk.
You block the tomahawk. The orc hits you with a dagger.
* * * LOW HITPOINT WARNING * * *
There is an open door, spattered with blood here.
Items here: ))) [ † a war axe; a hand axe; a leather armour; a mace; an orc corpse You barely miss the orc.
The orc hits you but does no damage.
Your shield prevents you from hitting the orc.
You block the orc's attack. The orc hits you with a dagger.
* * * LOW HITPOINT WARNING * * *
Your scale mail prevents you from hitting the orc.
You block the orc's attack.
You hit the orc but do no damage. You block the orc's attack.
You hit the orc but do no damage. The orc hits you but does no damage.
Some of the chunks of flesh in your inventory have rotted away.
You closely miss the orc. The orc hits you with a dagger.
You die...

#. ####. .....###+###
.......!...#
...........#
...........#
o..........#
........o>(#
###......#####@###
#........# #(#
#........# #.#
#........# #.#
#........# #.#
+........# #.#
#........#####'####
#..(.....##.......#
###<#.#####.......######


You could see an orc.

Vanquished Creatures
  A phantom (D:4)
  The ghost of M4edhros the Sneak, an amateur OpAr (D:4)
  A scorpion (D:4)
  A crimson imp (D:5)
  A wasp zombie (D:5)
  2 orc wizards (D:3)
  A hound (D:4)
  An orc priest (D:5)
  Jessica (D:4)
  2 gnolls (D:1)
  3 adders
  3 worms
  4 giant geckos
  6 orcs
  4 giant cockroaches
  4 goblins
  11 hobgoblins
  4 jackals (D:3)
  2 quokkas
  7 bats
  A giant gecko skeleton (D:4)
  3 giant newts
  6 kobolds
  6 rats
76 creatures vanquished.

Notes
Turn   | Place    | Note
--------------------------------------------------------------
     0 | D:1      | gorblad the Human Fighter began the quest for the Orb.
     0 | D:1      | Reached XP level 1. HP: 18/18 MP: 1/1
    98 | D:1      | Reached XP level 2. HP: 5/24 MP: 2/2
   531 | D:1      | Reached XP level 3. HP: 29/29 MP: 3/3
  1095 | D:2      | Reached XP level 4. HP: 30/35 MP: 4/4
  1995 | D:3      | Found a glowing golden altar of the Shining One.
  2282 | D:3      | Reached XP level 5. HP: 21/42 MP: 5/5
  2946 | D:4      | Noticed a phantom
  3012 | D:4      | Killed a phantom
  3012 | D:4      | Reached skill level 4 in Fighting
  3012 | D:4      | Reached XP level 6. HP: 17/48 MP: 6/6
  3507 | D:4      | Noticed M4edhros's ghost (amateur OpAr)
  3518 | D:4      | Killed M4edhros's ghost
  3518 | D:4      | Reached XP level 7. HP: 30/55 MP: 7/7
  3681 | D:4      | Noticed Jessica
  3690 | D:4      | Found a deep blue altar of Sif Muna.
  3710 | D:4      | Killed Jessica
  3902 | D:5      | Entered Level 5 of the Dungeon
  3982 | D:5      | HP: 2/55 [orc/dagger (2)]
  3986 | D:5      | Slain by an orc

Vault maps used:
D:1:      mushboom_english_gardens, serial_forest, infiniplex_forest_zigzag_1,
          infiniplex_forest_lined_ring, infiniplex_forest_side_room,
          infiniplex_forest_straight_4, serial_bayou_crossing
D:3:      portal_sewer_entry_d, nicolae_tso_swordbearing_angel
D:4:      first_bread, kennysheep_nub, tgw_sif

Action                   |  1- 3 |  4- 6 |  7- 9 || total
-------------------------+-------+-------+-------++-------
Melee: Long sword        |    73 |   175 |    50 ||   298
  Use: Scroll            |     3 |     6 |     2 ||    11
       Potion            |       |     4 |     2 ||     6
  Eat: Chunk             |     1 |     4 |       ||     5
       Meat ration       |       |     1 |       ||     1
